 Dungeon Crawl Stone Soup version 0.29-a0-371-g91724d5b39 (webtiles) character file.

Game seed: 13222123168835805079

163 spaghetti the Ducker (level 5, -2/36 HPs)
             Began as an Octopode Chaos Knight on May 3, 2022.
             Was a Plaything of Xom.
             Slain by a gnoll
             ... wielding a +0 flail
              (9 damage)
             ... on level 4 of the Dungeon.
             The game lasted 00:04:19 (2668 turns).

spaghetti the Ducker (Octopode Chaos Knight)        Turns: 2668, Time: 00:04:19

Health: -2/36      AC:  3    Str: 12    XL:     5   Next: 44%
Magic:  5/5        EV: 15    Int: 14    God:    Xom [..*...]
Gold:   273        SH:  0    Dex: 13    Spells: 2/4 levels left

rFire   . . .      SeeInvis .   a - +0 falchion (chaos) {long}
rCold   . . .      Faith    .   (no shield)
rNeg    . . .      Spirit   .   (helmet restricted)
rPois   .          Reflect  .   l - amulet of regeneration {@e2}
rElec   .          Harm     .   (no ring)
rCorr   .          Rampage  .   (no ring)
Will    .....                   (no ring)
Stlth   ++........              (no ring)
HPRegen 0.92/turn               (no ring)
MPRegen 0.09/turn               (no ring)
                                (no ring)
                                (no ring)

@: brilliant
A: almost no armour, amphibious, 8 rings, camouflage 1, gelatinous body 1,
(nimble swimmer 1), tentacles, iridescent scales 1, MP-powered wands
a: Renounce Religion


You were on level 4 of the Dungeon.
You worshipped Xom.
You were a toy of Xom.
You visited 1 branch of the dungeon, and saw 4 of its levels.

You collected 273 gold pieces.


Innate Abilities, Weirdness & Mutations

You cannot wear most types of armour.
You are amphibious.
You can wear up to eight rings at the same time.
Your skin changes colour to match your surroundings (Stealth+).
Your rubbery body absorbs attacks. (AC +1, EV +1)
((You are camouflaged when in or above water. (Stealth+)))
You have tentacles for arms and can constrict up to eight enemies at once.
You are partially covered in iridescent scales. (AC +2)
You expend magic power (3 MP) to strengthen your wands.


   Skills:
 - Level 3.0 Fighting
 - Level 3.0 Long Blades
 + Level 5.6 Dodging


You had 2 spell levels left.
You knew the following spells:

 Your Spells              Type           Power      Damage    Failure   Level
a - Blink                 Tloc           0%         N/A       41%         2

Your spell library contained the following spells:

 Spells                   Type           Power      Damage    Failure   Level
 Corpse Rot               Necr/Air       0%         N/A       41%         2
 Poisonous Vapours        Pois/Air       0%         N/A       41%         2
 Lesser Beckoning         Tloc           0%         N/A       65%         3
 Manifold Assault         Tloc           0%         N/A       100%        5

Inventory:

Hand Weapons
 a - a +0 falchion of chaos (weapon) {long}
Missiles
 d - 104 stones (quivered) {throwing}
 h - 5 poisoned darts {throwing}
Jewellery
 l - an amulet of regeneration (around mantle) {@e2}
   (You found it on level 3 of the Dungeon)
 o - an amulet of guardian spirit
   (You found it on level 3 of the Dungeon)
Wands
 e - a wand of polymorph (11)
   (You found it on level 3 of the Dungeon)
Scrolls
 f - a scroll of summoning
 g - a scroll of magic mapping {!r}
 i - a scroll of vulnerability {!r!r}
 j - 2 scrolls of teleportation {@r4}
 n - a scroll of enchant armour
 p - a scroll of fog
Potions
 c - a potion of heal wounds {unknown}
Miscellaneous
 b - a piece from Xom's chessboard (15/15)

Dungeon Overview and Level Annotations

Branches:
Dungeon (4/15)
 Temple: D:4-7

Altars:
The Shining One

Shops:
D:1

! ## .. ( ####.#
....###### ##....# ###
.(((..{@.###
#..####...
..#..###...###.#####.#
#.. ###..#..###...# .
# ##†.......####.
#..##.##...#...
......<.####...##
#...#.#########†...
##.... #........
#.....####.###..#.


There were no monsters in sight!


Message History

No target in view!
No target in view!
No target in view!
No target in view!
No target in view!
No target in view!
No target in view!
No target in view!
No target in view!
No target in view!
No target in view!
No target in view!
No target in view!
No target in view!
No target in view!
No target in view!
No target in view!
No target in view!
No target in view!
No target in view!
No target in view!
No target in view!
No target in view!
No target in view!
No target in view!
d - 110 stones {throwing} (gained 1) 2 gnolls come into view.
There are monsters nearby!
There are monsters nearby!
You throw a stone {throwing}.
The stone {throwing} hits the gnoll but does no damage.
The gnoll shouts! x2
Unknown command.
You throw a stone {throwing}. The stone {throwing} hits the gnoll.
You throw a stone {throwing}.
The stone {throwing} hits the gnoll but does no damage.
A gnoll comes into view. It is wielding a +0 flail.
You throw a stone {throwing}. The gnoll shouts!
The stone {throwing} hits the gnoll but does no damage.
A giant cockroach comes into view.
You throw a stone {throwing}.
The stone {throwing} barely misses the gnoll.
The stone {throwing} hits the gnoll but does no damage.
You throw a stone {throwing}.
The stone {throwing} hits the gnoll but does no damage.
You hit the gnoll.
The gnoll seems to grow stronger.
You grab the gnoll.
You constrict the gnoll, but do no damage.
The gnoll hits you with a +0 flail!!
Ouch! That really hurt!
* * * LOW HITPOINT WARNING * * *
The gnoll hits you with a +0 flail!
* * * LOW HITPOINT WARNING * * *
😱 HP[-28]
You take 28 damage, and now have 8/36 hp.
MASSIVE DAMAGE!! (PAUSE)
You hit the gnoll. You squeeze the gnoll! You constrict the gnoll.
The gnoll barely misses you. 😱 HP[+1] Unknown command.
Unknown command.
You hit the gnoll. You burn the gnoll.
You kill the gnoll! 😨 HP[+1]
You hit the gnoll but do no damage. Your grab misses the gnoll.
The gnoll hits you with a +0 flail!
* * * LOW HITPOINT WARNING * * *
😱 HP[-7]
You take 7 damage, and now have 3/36 hp.
You completely miss the gnoll. You grab the gnoll. You squeeze the gnoll.
You constrict the gnoll. The gnoll barely misses you. 😱 HP[+2]
You regained 2 hp, and now have 5/36 hp.
Unknown command.
You hit the gnoll but do no damage. You constrict the gnoll.
The gnoll hits you with a +0 flail.
* * * LOW HITPOINT WARNING * * *
Unknown command.
Unknown command.
You hit the gnoll. You burn the gnoll.
You kill the gnoll! 😱 HP[+1] Unknown command.
Unknown command.
You hit the giant cockroach.
Lightning courses through the giant cockroach!
You kill the giant cockroach! 😱 HP[+1]
You hit the gnoll.
The gnoll flickers and vanishes!
Deactivating autopickup; reactivate with Ctrl-A.
Xom thinks this is hilarious!
Something hits you.
* * * LOW HITPOINT WARNING * * *
😱 HP[-1]
You take 1 damage, and now have 6/36 hp.
Unknown command.
It was a potion of brilliance.
You feel clever all of a sudden. Something hits you!
You die...

Skill      XL: |  1  2  3  4 |
---------------+-------------+-----
Dodging        | 3 4 5 |  5.6
Fighting       | |  3.0
Long Blades    | |  3.0

Action                   |  1- 3 |  4- 6 || total
-------------------------+-------+-------++-------
Melee: Falchion          |    59 |    80 ||   139
       Constrict         |    16 |    19 ||    35
       Tentacles         |     8 |    20 ||    28
Throw: Stone             |    38 |    54 ||    92
  Use: Scroll            |       |     7 ||     7
       Potion            |       |     3 ||     3
 Stab: Sleeping          |     1 |     2 ||     3
Armor: Skin              |     8 |    13 ||    21
Dodge: Dodged            |    41 |    58 ||    99

Levels and vault maps discovered:
D:1:      scummos_arrival_forest, layout_basic, serial_shops, shop
D:2:      layout_basic, dreamdust_ecumenical_altar_sealed_demon
D:3:      layout_loops_ring, mainiacjoe_overflow_alcove_1
D:4:      layout_rooms, slow_altar_2, gammafunk_ghost_nasty_kobolds,
          serial_shops, shop, minivault_11, uniq_crazy_yiuf_cottage

Notes
Turn   | Place    | Note
-------+----------+-------------------------------------------
     0 | D:1      | spaghetti the Octopode Chaos Knight began the quest for the
                  | Orb.
     0 | D:1      | Reached XP level 1. HP: 16/16 MP: 1/1
     0 | D:1      | magus.rc [v1.9.6]
    43 | D:1      | XOM: silly message
   108 | D:1      | Found Juxtill's Distillery.
   129 | D:1      | Reached skill level 3 in Dodging
   129 | D:1      | Reached XP level 2. HP: 21/21 MP: 2/2
   314 | D:1      | HP: 5/21 [something (3)]
   316 | D:1      | Reached XP level 3. HP: 7/26 MP: 3/3
  1125 | D:2      | XOM: silly message
  1150 | D:2      | Reached skill level 4 in Dodging
  1229 | D:2      | XOM: 2-stop teleportation journey
  1238 | D:2      | Reached XP level 4. HP: 23/31 MP: 4/4
  1242 | D:2      | HP: 5/31 [hobgoblin (4)]
  1248 | D:2      | Gained mutation: You expend magic power (3 MP) to
                  | strengthen your wands. [potion of mutation]
  1248 | D:2      | Gained mutation: You are partially covered in iridescent
                  | scales. (AC +2) [potion of mutation]
  1249 | D:2      | XOM: potion effect (berserk rage)
  1249 | D:2      | HP: 8/46 [hobgoblin (3)]
  1400 | D:2      | Found a faded altar of an unknown god.
  1657 | D:2      | You pick up a book of Spatial Translocations and begin
                  | reading...
  1657 | D:2      | You add the spells Blink, Lesser Beckoning and Manifold
                  | Assault to your library.
  1709 | D:2      | XOM: divination: detect items
  1915 | D:3      | Found a glowing golden altar of the Shining One.
  1929 | D:3      | Learned a level 2 spell: Blink
  2037 | D:3      | Reached skill level 5 in Dodging
  2094 | D:3      | You pick up a book of Vapours and begin reading...
  2094 | D:3      | You add the spells Poisonous Vapours and Corpse Rot to your
                  | library.
  2511 | D:3      | XOM: god gift: robe {god gift}
  2551 | D:4      | Reached XP level 5. HP: 36/36 MP: 5/5
  2627 | D:4      | XOM: silly message
  2659 | D:4      | HP: 8/36 [gnoll/+0 flail (9)]
  2662 | D:4      | HP: 3/36 [gnoll/+0 flail (8)]
  2667 | D:4      | HP: 6/36 [something (2)]
  2668 | D:4      | Slain by a gnoll

Vanquished Creatures
  2 gnolls (D:4)
  7 adders
  A worm (D:2)
  2 dart slugs
  An orc (D:3)
  8 ball pythons
  6 bats
  6 endoplasms
  3 giant cockroaches
  6 hobgoblins
  8 jackals
  3 kobolds
  3 quokkas
  5 frilled lizards
  3 goblins
  10 rats
74 creatures vanquished.

Vanquished Creatures (others)
  A demonic plant (D:2)
1 creature vanquished.

Grand Total: 75 creatures vanquished

Table legend:
 A = Non-vault XP
 B = Vault XP
 C = Vault XP percentage of total XP
 D = Non-vault monster count
 E = Vault monster count
 F = Vault count percentage of total count
                 A         B        C        D         E       F
            +---------+---------+-------+---------+---------+-------
      Total |     234 |       0 |   0.0 |      75 |       0 |   0.0
            +---------+---------+-------+---------+---------+-------
        D:1 |      37 |       0 |   0.0 |      22 |       0 |   0.0
        D:2 |      67 |       0 |   0.0 |      26 |       0 |   0.0
        D:3 |      57 |       0 |   0.0 |      19 |       0 |   0.0
        D:4 |      73 |       0 |   0.0 |       8 |       0 |   0.0
            +---------+---------+-------+---------+---------+-------

Illustrated notes

Table legend:
 A = Kills in this place as a percentage of kills in entire the game.
 B = Kills by you in this place as a percentage of kills by you in the entire game.
 C = Kills by friends in this place as a percentage of kills by friends in the entire game.
 D = Other kills in this place as a percentage of other kills in the entire game.
 E = Experience gained in this place as a percentage of experience gained in the entire game.
 F = Experience gained in this place divided by the number of levels of this place that you have seen.
                   A       B       C       D       E      F
               +-------+-------+-------+-------+-------+----------------------
         Total | 100.0 | 100.0 |   N/A | 100.0 | 100.0 |  58.5
       Dungeon | 100.0 | 100.0 |   N/A | 100.0 | 100.0 |  58.5
               +-------+-------+-------+-------+-------+----------------------

Table legend: (Time is in decaauts)
 A = Elapsed time spent in this place.
 B = Non-inter-level travel time spent in this place.
 C = Inter-level travel time spent in this place.
 D = Time resting spent in this place.
 E = Time spent auto-exploring this place.
 F = Levels seen in this place.
 G = Mean time per level.
                   A        B        C        D        E       F      G
               +--------+--------+--------+--------+--------+-----+--------+
         Total |   2709 |   2622 |     87 |    429 |   1709 |   4 |  677.2 |
       Dungeon |   2709 |   2622 |     87 |    429 |   1709 |   4 |  677.2 |
               +--------+--------+--------+--------+--------+-----+--------+

Top non-repeatable levels by time:
     D:2: 947 daAuts
     D:3: 823 daAuts
     D:1: 807 daAuts
     D:4: 130 daAuts
